 Dungeon Crawl Stone Soup version 0.24.0-7-gb3623d2c88 (webtiles) character file.

Game seed: 5747614340625131555, levelgen mode: deterministic

1193 Furryfag69 the Cleaver (level 8, -2/64 HPs)
             Began as a Minotaur Berserker on Nov 3, 2019.
             Was a Priest of Trog.
             Shot with an arrow by a centaur (5 damage)
             ... on level 6 of the Dungeon.
             The game lasted 00:08:41 (4951 turns).

Furryfag69 the Cleaver (Minotaur Berserker)         Turns: 4951, Time: 00:08:42

Health: -2/64      AC:  0    Str: 26    XL:     8   Next: 20%
Magic:  7/7        EV: 14    Int:  4    God:    Trog [***...]
Gold:   217        SH:  0    Dex: 11    Spells: 7/7 levels left

rFire    . . .     SeeInvis .   a - +0 hand axe
rCold    + . .     Gourm    .   (no shield)
rNeg     . . .     Faith    .   b - +0 animal skin
rPois    .         Spirit   .   (helmet restricted)
rElec    .         Reflect  .   (no cloak)
rCorr    .         Harm     .   (no gloves)
MR       .....                  g - +0 pair of boots
Stlth    ++........             (no amulet)
HPRegen  0.20/turn              h - ring of protection from cold
MPRegen  0.10/turn              n - +3 ring of strength

@: lethally poisoned (-2 -> -3), corroded
A: retaliatory headbutt, horns 2
a: Berserk, Trog's Hand, Renounce Religion


You were on level 6 of the Dungeon.
You worshipped Trog.
Trog was most pleased with you.
You were not hungry.

You visited 1 branch of the dungeon, and saw 6 of its levels.

You collected 217 gold pieces.

Inventory:

Hand Weapons
 a - a +0 hand axe (weapon)
Armour
 b - a +0 animal skin (worn)
 g - a +0 pair of boots (worn)
Jewellery
 h - a ring of protection from cold (left hand)
 n - a +3 ring of strength (right hand)
Wands
 l - a wand of disintegration (4)
 o - a wand of flame (13)
Scrolls
 p - 6 scrolls of identify {unknown}
 r - a scroll of remove curse
 s - a scroll of teleportation
Potions
 d - 2 potions of might {unknown}
 e - a potion of agility {unknown}
 f - a potion of flight {unknown}
 i - 2 potions of berserk rage {unknown}
 j - 2 potions of brilliance {unknown}
 k - a potion of curing {unknown}
 m - a potion of ambrosia {unknown}
 q - a potion of haste {unknown}
Comestibles
 c - 3 rations


   Skills:
 - Level 3.6 Fighting
 + Level 9.9 Axes
 - Level 2.4 Armour
 + Level 5.9 Dodging
 + Level 2.6 Stealth


You had 7 spell levels left.
You didn't know any spells.
Your spell library was empty.

Dungeon Overview and Level Annotations

Branches:
Dungeon (6/15)             Temple (0/1) D:5

Altars:
Trog

Shops:
D:5 !   D:6 *


Innate Abilities, Weirdness & Mutations

You reflexively headbutt those who attack you in melee.
You have a pair of horns on your head.


Message History

You are too injured to fight recklessly!
A centaur is nearby!
A centaur is nearby!
You feel sick.
An iguana comes into view.
The centaur shoots an arrow.
The arrow barely misses you.
You feel sick.
The iguana hisses angrily.
You hit the iguana.
The iguana is lightly wounded.
The iguana bites you.
* * * LOW HITPOINT WARNING * * *
You barely miss the iguana.
The iguana is lightly wounded.
The iguana barely misses you.
The centaur shoots an arrow.
The arrow hits you!
* * * LOW HITPOINT WARNING * * *
You hit the iguana.
The iguana is lightly wounded.
The centaur shoots an arrow.
The arrow hits you.
You die...

######.##......####..#
####..†...####.#####....#
.......#### #.#..>#..###
.........#####.#...†.##
.#..##............)..#
...####.##.......(...#
..... .............#.#
.#### #.............# ..#
###......@l.### ...
#......c##..# .#
.##.......##...# ..
.......(####....# ..
...#.#.$# ##.#.# # ..
#... #.#.# #. ..... #.#..
.#..... #.. ..
.##......##. ...


You could see a centaur and an iguana.

Vanquished Creatures
  Grinder (D:4)
  A centaur (D:6)
  A bullfrog (D:3)
  2 crimson imps
  2 hounds
  2 jellies
  A centaur skeleton (D:5)
  2 orc priests (D:4)
  A bullfrog zombie (D:6)
  2 orc wizards
  Ijyb (D:4)
  An iguana (D:6)
  Natasha (thrice) (D:4)
  6 worker ants
  2 hound skeletons
  7 adders
  An ooze (D:4)
  An adder skeleton (D:5)
  4 worms
  A dart slug (D:4)
  6 leopard geckos
  15 orcs
  A ball python (D:3)
  9 bats
  5 giant cockroaches
  9 goblins
  3 hobgoblins (D:1)
  2 jackals (D:2)
  10 kobolds
  5 quokkas
  4 frilled lizards
  A quokka skeleton (D:4)
  12 rats
124 creatures vanquished.

Notes
Turn   | Place    | Note
-------+----------+-------------------------------------------
     0 | D:1      | Furryfag69 the Minotaur Berserker began the quest for the
                  | Orb.
     0 | D:1      | Reached XP level 1. HP: 19/19 MP: 0/0
    18 | D:1      | Reached skill level 4 in Axes
    42 | D:1      | Reached XP level 2. HP: 18/26 MP: 1/1
   631 | D:1      | Reached XP level 3. HP: 31/31 MP: 2/2
   923 | D:2      | Reached skill level 5 in Axes
   937 | D:2      | Reached ** piety under Trog
  1342 | D:2      | Reached XP level 4. HP: 29/39 MP: 3/3
  1619 | D:3      | Noticed a bullfrog
  1629 | D:3      | Killed a bullfrog
  1629 | D:3      | Reached skill level 6 in Axes
  1629 | D:3      | Reached XP level 5. HP: 32/45 MP: 4/4
  2282 | D:4      | Reached skill level 1 in Stealth
  2304 | D:4      | Noticed Grinder
  2319 | D:4      | Killed Grinder
  2319 | D:4      | Reached skill level 7 in Axes
  2319 | D:4      | Reached XP level 6. HP: 14/51 MP: 5/5
  2759 | D:4      | Noticed Ijyb
  2768 | D:4      | Killed Ijyb
  3128 | D:4      | Noticed Natasha
  3131 | D:4      | Killed Natasha
  3156 | D:4      | Reached skill level 8 in Axes
  3156 | D:4      | Reached XP level 7. HP: 57/57 MP: 6/6
  3391 | D:4      | Reached *** piety under Trog
  3395 | D:4      | Noticed Natasha
  3500 | D:4      | Killed Natasha
  3600 | D:4      | Noticed Natasha
  3609 | D:4      | Killed Natasha
  3609 | D:4      | Reached skill level 5 in Dodging
  3865 | D:5      | Entered Level 5 of the Dungeon
  3893 | D:5      | Found a staircase to the Ecumenical Temple.
  3930 | D:5      | Found Ecot's Distillery.
  3944 | D:5      | Reached skill level 9 in Axes
  4604 | D:5      | Found a bloodstained altar of Trog.
  4802 | D:6      | Found Biduypsi's Assorted Antiques.
  4810 | D:6      | Reached XP level 8. HP: 43/64 MP: 7/7
  4950 | D:6      | HP: 3/64 [centaur/arrow (16)]
  4951 | D:6      | Shot with an arrow by a centaur

Levels and vault maps discovered:
D:1:      psy_arrival_basics, layout_basic, corexii_leaking_fountain,
          serial_bayou_lake_a
D:2:      layout_basic, first_ration
D:3:      layout_rooms, serial_curves, eino_curves_04, eino_curves_04,
          minmay_misc_feat_iff
D:4:      layout_basic, hangedman_decor_points, uniq_natasha, uniq_ijyb,
          uniq_grinder
D:5:      layout_basic, minmay_temple_entry_hall, serial_shops,
          kennysheep_little_box, trog_butcher_becter
D:6:      layout_rooms, serial_shops, nicolae_shop_crystal

Skill      XL: |  1  2  3  4  5  6  7 |
---------------+----------------------+-----
Axes           | 4 5 6 7 8 9 |  9.9
Dodging        | 3 4 5 |  5.9
Stealth        | 1 2 |  2.6
Fighting       | |  3.6
Armour         | |  2.4

Action                   |  1- 3 |  4- 6 |  7- 9 || total
-------------------------+-------+-------+-------++-------
Melee: Hand axe          |    95 |    89 |   107 ||   291
       Headbutt          |    13 |    16 |    20 ||    49
Invok: Berserk           |       |     3 |     4 ||     7
  Use: Scroll            |     2 |     1 |     1 ||     4
 Stab: Sleeping          |       |     1 |     4 ||     5
  Eat: Ration            |     1 |     2 |     2 ||     5
       Chunk             |       |       |     5 ||     5
Armor: Animal skin       |    32 |    11 |    12 ||    55
Dodge: Dodged            |    80 |    47 |    63 ||   190
